AoeStats
← 公鸡神探

Arena

507765193Analyzed
4v4 RM · 13d ago on Sep 19, 2026· 42m 55s· 8 players
Game mode
Random Map
Map size
Large (8 player)
Population
200
Speed
Normal
Resources
Standard
Victory
Conquest
Starting age
Dark Age
Ending age
Imperial Age
RankedLock teamsTeams togetherTeam positionsShared explorationLock speedFull tech treeHidden civsTurbo modeCheats
Victory
Defeat
🇨🇳 Poles · China
1150
+16
🇨🇳 Vietnamese · China
1138
+16
1111
+17
🇨🇿 Byzantines · Czechia
1091
+18
🇲🇦 Persians · Morocco
1197
-18
🇺🇸 Hindustanis · United States
1158
-18
🇳🇱 Turks · Netherlands
1120
-37
🇺🇸 Lithuanians · United States
1087
-15
公鸡神探
11:30 Feudal Age
15:17 Castle Age
13:24 Double-Bit Axe
13:21 Horse Collar
16:19 Heavy Plow
16:31 Bow Saw
22:06 Wheelbarrow
21:20 Town Watch
21:20 Loom
22:37 Szlachta Privileges
23:07 Bloodlines
22:57 Husbandry
23:19 Scale Barding Armor
24:36 Forging
25:25 Chain Barding Armor
26:21 Iron Casting
32:11 Imperial Age
32:15 Cavalier
34:03 Blast Furnace
32:32 Light Cavalry
34:42 Conscription
34:58 Lechitic Legacy
35:15 Winged Hussar
40:14 Chemistry
40:50 Capped Ram
42:49 Siege Ram
moregadženo
12:04 Feudal Age
15:50 Castle Age
13:44 Double-Bit Axe
14:40 Gold Mining
15:22 Horse Collar
22:19 Imperial Age
24:03 Chemistry
23:45 Heavy Plow
23:57 Bow Saw
24:02 Forging
24:24 Scale Barding Armor
27:10 Heavy Camel Rider
30:58 Iron Casting
32:00 Loom
33:38 Wheelbarrow
33:07 Stone Mining
33:59 Husbandry
34:31 Chain Barding Armor
38:46 Hand Cart
39:36 Two-Man Saw
39:31 Padded Archer Armor
39:21 Fletching
39:58 Elite Skirmisher
41:51 Ballistics
42:27 Gold Shaft Mining
41:20 Imperial Skirmisher
翻斗花园突破手绫小路
11:36 Feudal Age
12:59 Double-Bit Axe
15:37 Castle Age
13:27 Horse Collar
17:56 Wheelbarrow
21:55 Heavy Plow
22:23 Gold Mining
24:06 Hand Cart
23:49 Stone Mining
25:49 Gold Shaft Mining
29:38 Imperial Age
28:35 Bow Saw
29:19 Ballistics
29:09 Padded Archer Armor
29:00 Fletching
30:00 Thumb Ring
30:14 Leather Archer Armor
30:17 Bodkin Arrow
30:59 Conscription
30:44 Recurve Bow
31:11 Parthian Tactics
30:47 Heavy Cavalry Archer
32:11 Bracer
32:42 Ring Archer Armor
34:20 Chemistry
34:00 Crop Rotation
34:32 Two-Man Saw
42:06 Scale Barding Armor
无甲的joe
10:07 Feudal Age
14:29 Castle Age
12:51 Double-Bit Axe
14:13 Horse Collar
15:55 Heavy Plow
16:07 Heavy Plow
17:23 Bow Saw
22:09 Fletching
22:20 Padded Archer Armor
23:41 Bodkin Arrow
31:41 Imperial Age
29:46 Wheelbarrow
32:57 Elite Rattan Archer
34:02 Bracer
34:17 Leather Archer Armor
35:15 Thumb Ring
36:33 Paper Money
37:59 Chemistry
37:19 Ballistics
37:42 Ring Archer Armor
38:13 Elite Fire Lancer
39:02 Arson
39:18 Squires
39:22 Scale Mail Armor
39:33 Forging
39:39 Gold Mining
40:59 Chain Mail Armor
42:01 Iron Casting
42:36 Wheelbarrow
41:46 Town Watch
43:10 Plate Mail Armor
Magnificent Bastard
10:10 Feudal Age
10:50 Double-Bit Axe
15:38 Castle Age
13:30 Horse Collar
16:37 Heavy Plow
18:20 Bow Saw
22:31 Gold Mining
28:20 Imperial Age
26:17 Padded Archer Armor
26:38 Loom
27:29 Wheelbarrow
27:40 Gold Shaft Mining
27:53 Leather Archer Armor
30:02 Chemistry
29:25 Conscription
29:41 Shatagni
30:13 Ring Archer Armor
32:27 Fletching
35:51 Grand Trunk Road
36:06 Bodkin Arrow
37:16 Bracer
redheadedkiller
0:34 Loom
2:39 Loom
2:57 Loom
3:31 Loom
4:25 Loom
5:15 Loom
6:33 Loom
10:59 Feudal Age
15:50 Castle Age
16:14 Double-Bit Axe
23:20 Wheelbarrow
25:56 Horse Collar
29:30 Imperial Age
28:48 Forging
28:43 Scale Barding Armor
42:15 Elite Skirmisher
No-One-Knows-Me
10:38 Feudal Age
11:38 Loom
14:47 Castle Age
12:52 Double-Bit Axe
12:50 Horse Collar
14:27 Wheelbarrow
16:15 Bow Saw
17:07 Heavy Plow
24:00 Hand Cart
23:59 Gold Mining
25:29 Town Watch
30:11 Imperial Age
28:21 Husbandry
28:40 Scale Barding Armor
28:46 Forging
30:09 Bloodlines
30:49 Iron Casting
30:07 Cavalier
31:54 Chain Barding Armor
32:09 Conscription
34:48 Plate Barding Armor
34:39 Savar
37:28 Blast Furnace
38:49 Pikeman
39:30 Squires
39:33 Scale Mail Armor
Mr.Mango
4:55 Loom
9:25 Feudal Age
12:08 Double-Bit Axe
14:57 Wheelbarrow
17:17 Town Watch
20:23 Castle Age
20:24 Horse Collar
20:41 Stone Mining
21:01 Gold Mining
21:25 Bow Saw
Connection lost

Rejoining the realm…

Still unreachable

The connection could not be restored.

Session expired

The server has moved on; the page needs a fresh start.